 Dungeon Crawl Stone Soup version 0.28-a0-1032-ga8db75c868 (webtiles) character file.

Game seed: 8197733404650634793

13372 Peloso the Carver (level 11, -11/99 HPs)
             Began as a Minotaur Fighter on Dec 6, 2021.
             Was a High Priest of Okawaru.
             Mangled by a phantasmal warrior (25 damage)
             ... led by a death knight
             ... on level 11 of the Dungeon on Dec 7, 2021.
             The game lasted 00:20:14 (12273 turns).

Peloso the Carver (Minotaur Fighter)               Turns: 12273, Time: 00:20:14

Health: -11/99     AC: 22    Str: 24    XL:     11   Next: 74%
Magic:  8/11       EV: 10    Int:  5    God:    Okawaru [*****.]
Gold:   481        SH: 12    Dex: 11    Spells: 10/10 levels left

rFire   . . .      SeeInvis .   a - +0 long sword
rCold   . . .      Faith    .   c - +0 kite shield
rNeg    . . .      Spirit   .   t - +0 plate armour
rPois   .          Reflect  .   (helmet restricted)
rElec   .          Harm     .   j - +1 cloak
rCorr   .          Rampage  .   (no gloves)
Will    .....                   h - +0 pair of boots
Stlth   ..........              (no amulet)
HPRegen 0.26/turn               (no ring)
MPRegen 0.12/turn               (no ring)

@: heroic
A: horns 2, retaliatory headbutt
a: Renounce Religion, Heroism, Finesse, Duel


You were on level 11 of the Dungeon.
You worshipped Okawaru.
Okawaru was extremely pleased with you.
You visited 2 branches of the dungeon, and saw 12 of its levels.

You collected 481 gold pieces.

Inventory:

Hand Weapons
 a - a +0 long sword (weapon)
Missiles
 z - 4 throwing nets (quivered)
Armour
 b - a +0 scale mail
 c - a +0 kite shield (worn)
 h - a +0 pair of boots (worn)
 j - a +1 cloak (worn)
 t - a +0 plate armour (worn)
Jewellery
 n - a ring of magical power
 p - a ring of ice
 x - a ring of wizardry
Wands
 f - a wand of acid (1)
 l - a wand of polymorph (8)
 B - a wand of iceblast (7)
 F - a wand of flame (7)
Scrolls
 k - 2 scrolls of fog
 o - a scroll of summoning
 s - a scroll of amnesia {unknown}
 u - a scroll of blinking {unknown}
 v - 3 scrolls of identify
 w - a scroll of magic mapping
 D - 2 scrolls of enchant armour
Potions
 d - a potion of might
 e - a potion of curing
 g - 5 potions of haste
 i - a potion of attraction {unknown}
 m - a potion of flight
 r - a potion of magic {unknown}
 A - a potion of resistance
 C - a potion of lignification {unknown}
 E - a potion of cancellation


   Skills:
 + Level 9.7(14.7) Fighting
 + Level 14.4(19.4) Long Blades
 + Level 12.1(17.1) Armour
 + Level 2.5(7.5) Dodging
 + Level 1.1(6.1) Stealth
 + Level 9.1(14.1) Shields
 + Level 1.5 Invocations
 + Level 2.2 Evocations


You had 10 spell levels left.
You didn't know any spells.
Your spell library contained the following spells:

 Spells                   Type           Power      Damage    Failure   Level
 Ensorcelled Hibernation  Hex/Ice        0%         N/A       99%         2
 Spider Form              Tmut/Pois      0%         N/A       100%        3
 Blade Hands              Tmut           0%         N/A       100%        5
 Iron Shot                Conj/Erth      0%         9d1       100%        6
 Animate Armour           Summ/Erth      Unusable   N/A       N/A         4

Dungeon Overview and Level Annotations

Branches:
Dungeon (11/15)            Temple (1/1) D:6            Lair (0/6) D:10
    Orc (0/2) D:10

Altars:
Cheibriados
Hepliaklqana
Kikubaaqudgha
Makhleb
Okawaru
Qazlal
Wu Jian
The Shining One

Annotations:
D:8 2 transporters, bgiannan's ghost, novice MiFi


Innate Abilities, Weirdness & Mutations

You have a pair of horns on your head.
You reflexively headbutt those who attack you in melee.


Message History

The boulder beetle is moderately wounded.
The boulder beetle hits you!!!
The boulder beetle stops rolling and uncurls.
You hear a shout!
You slash the boulder beetle!
The boulder beetle is heavily wounded.
The boulder beetle waves its antennae.
The boulder beetle bites you!!
* * * LOW HITPOINT WARNING * * *
You hit the boulder beetle but do no damage.
You headbutt the boulder beetle, but do no damage.
The boulder beetle is heavily wounded.
You feel more confident with your borrowed prowess.
You block the boulder beetle's attack.
A death knight comes into view. It is wielding a +0 broad axe.
You barely miss the boulder beetle.
The boulder beetle is heavily wounded.
The boulder beetle bites you!
* * * LOW HITPOINT WARNING * * *
Unknown command.
As you read the scroll of fear, it crumbles to dust.
You assume a fearsome visage.
The boulder beetle looks frightened!
The death knight easily resists.
The boulder beetle leaps!
The death knight invokes the aid of Yredelemnul against you.
Your body is wracked with pain!
* * * LOW HITPOINT WARNING * * *
As you read the scroll of teleportation, it crumbles to dust.
You feel strangely unstable.
The boulder beetle leaps!
The boulder beetle leaps!
A kobold brigand comes into view.
It is wielding a +0 short sword and quivering poisoned darts.
The death knight offers itself to Yredelemnul, and fills with unholy energy.
Your surroundings suddenly seem different.
A phantasmal warrior comes into view.
Found a wand of acid (2) and 24 arrows.
The phantasmal warrior gestures at you.
The phantasmal warrior blinks!
It was a potion of cancellation.
You feel magically purged.
The phantasmal warrior barely misses you.
You feel better. The phantasmal warrior hits you!!
You die...

#########
#.......#
#...../.#
#.......#
#.......#
#.......#
#####..#
#.......#
.......#
#..@....#
.......#
#..W....#
.......#
#.......#
.......###
##.######
.........# ..
....)....##. (..
......p.........
##.#...#.##..ยง..
#.............


You could see a phantasmal warrior.

Vanquished Creatures
  Josephine (D:10)
  A hydra (D:11)
  Harold (D:7)
  2 two-headed ogres
  Sonja (D:10)
  A deep elf pyromancer (D:11)
  A cyclops (D:10)
  A kobold demonologist (D:11)
  A troll (D:10)
  Prince Ribbit (D:8)
  A hornet (D:8)
  A vampire (D:11)
  17 yaks (D:10)
  5 wraiths
  Grum (D:9)
  6 vampire mosquitoes
  Edmund (D:6)
  4 orc warriors
  2 black bears
  A sky beast (D:6)
  3 necrophages
  An ogre (D:6)
  3 wolves (D:9)
  2 centaurs
  2 kobold brigands
  4 bullfrogs
  A gnoll sergeant (D:8)
  3 scorpions
  A wyvern zombie (D:6)
  3 electric eels
  6 howler monkeys
  2 bullfrog zombies
  4 hounds
  A jelly (D:6)
  3 centaur zombies
  6 orc priests
  A bullfrog skeleton (D:4)
  3 iguanas
  8 orc wizards
  A centaur simulacrum (D:9)
  A hound zombie (D:5)
  2 howler monkey zombies
  11 gnolls
  A howler monkey skeleton (D:7)
  8 adders
  A shadow imp (D:7)
  3 white imps
  An ufetubus (D:5)
  2 worms
  2 dart slugs
  21 orcs
  2 endoplasms
  13 goblins
  9 hobgoblins
  4 jackals (D:4)
  11 kobolds
  A quokka (D:1)
  7 ball pythons
  3 bats
  6 frilled lizards
  A jackal skeleton (D:4)
  6 rats
  A spectral kobold (D:2)
225 creatures vanquished.

Vanquished Creatures (others)
  11 plants
11 creatures vanquished.

Grand Total: 236 creatures vanquished

Notes
Turn   | Place    | Note
-------+----------+-------------------------------------------
     0 | D:1      | Peloso the Minotaur Fighter began the quest for the Orb.
     0 | D:1      | Reached XP level 1. HP: 19/19 MP: 0/0
    90 | D:1      | Reached XP level 2. HP: 27/27 MP: 1/1
   151 | D:1      | Upgraded the game from 0.28-a0-998-gb9e9c7b67e to
                  | 0.28-a0-1032-ga8db75c868
   499 | D:1      | Reached XP level 3. HP: 29/33 MP: 2/2
  1243 | D:2      | Found a faded altar of an unknown god.
  1534 | D:2      | Found a hazy altar of Hepliaklqana.
  1932 | D:3      | Reached skill level 3 in Long Blades
  1932 | D:3      | Reached XP level 4. HP: 29/41 MP: 3/3
  2351 | D:3      | Reached skill level 1 in Dodging
  2566 | D:3      | Found a burning altar of Makhleb.
  2764 | D:4      | Reached skill level 5 in Armour
  2921 | D:4      | Reached XP level 5. HP: 45/47 MP: 4/4
  3023 | D:4      | You fall into a shaft and drop 2 floors!
  3033 | D:5      | Entered Level 5 of the Dungeon
  3059 | D:5      | Reached skill level 4 in Long Blades
  3160 | D:5      | Reached XP level 6. HP: 45/53 MP: 5/5
  3249 | D:5      | Reached skill level 5 in Long Blades
  3264 | D:5      | Reached skill level 5 in Fighting
  3375 | D:5      | Reached skill level 1 in Stealth
  3375 | D:5      | Reached XP level 7. HP: 59/61 MP: 6/6
  3434 | D:5      | Reached skill level 6 in Long Blades
  3808 | D:5      | Reached skill level 5 in Shields
  4372 | D:4      | Reached skill level 7 in Long Blades
  4759 | D:6      | Reached XP level 8. HP: 17/70 MP: 7/7
  5193 | D:6      | Reached skill level 8 in Long Blades
  5504 | D:6      | Noticed Edmund
  5530 | D:6      | Killed Edmund
  5766 | D:6      | Found a staircase to the Ecumenical Temple.
  5783 | Temple   | Entered the Ecumenical Temple
  5883 | Temple   | Became a worshipper of Warmaster Okawaru
  6105 | D:6      | Reached skill level 9 in Long Blades
  6105 | D:6      | Reached XP level 9. HP: 72/78 MP: 8/8
  6853 | D:7      | Found an ornate altar of the Wu Jian Council.
  6858 | D:7      | Noticed a two-headed ogre
  6865 | D:7      | Killed a two-headed ogre
  6865 | D:7      | Reached * piety under Okawaru
  6866 | D:7      | Reached skill level 10 in Long Blades
  7183 | D:7      | Noticed Harold
  7203 | D:7      | Killed Harold
  7203 | D:7      | Reached ** piety under Okawaru
  7204 | D:7      | Reached skill level 11 in Long Blades
  8289 | D:8      | Noticed a cyclops
  8294 | D:8      | Noticed bgiannan's ghost (novice MiFi)
  8296 | D:8      | Found a transporter.
  8302 | D:8      | Found a transporter.
  8336 | D:8      | Paralysed by a hornet for 1 turns
  8338 | D:8      | Reached XP level 10. HP: 28/88 MP: 9/9
  8942 | D:8      | Noticed Prince Ribbit
  8955 | D:8      | Killed Prince Ribbit
  8956 | D:8      | Reached skill level 10 in Armour
  9348 | D:9      | Noticed a two-headed ogre
  9364 | D:9      | Killed a two-headed ogre
  9364 | D:9      | Reached *** piety under Okawaru
  9599 | D:8      | Reached skill level 12 in Long Blades
  9824 | D:9      | Noticed Grum
  9849 | D:9      | Killed Grum
 10272 | D:9      | Noticed an eight-headed hydra
 10272 | D:9      | Noticed a wizard
 10272 | D:9      | Noticed a gargoyle
 10273 | D:9      | Noticed a cyan ugly thing
 10273 | D:9      | Noticed a white ugly thing
 10273 | D:9      | Noticed a four-headed hydra
 10325 | D:10     | Entered Level 10 of the Dungeon
 10518 | D:10     | Found a staircase to the Lair.
 10522 | D:10     | Found a staircase to the Orcish Mines.
 10640 | D:10     | Noticed Josephine
 10651 | D:10     | Noticed Sonja
 10653 | D:10     | Killed Josephine
 10655 | D:10     | HP: 4/91 [wraith[Josephine] (11)]
 10671 | D:10     | Reached skill level 13 in Long Blades
 10704 | D:10     | Reached **** piety under Okawaru
 10705 | D:10     | Reached XP level 11. HP: 22/97 MP: 10/10
 10705 | D:10     | Killed Sonja
 11232 | D:10     | Reached skill level 1 in Invocations
 11348 | D:10     | Reached ***** piety under Okawaru
 11349 | D:10     | Reached skill level 1 in Evocations
 11534 | D:10     | Reached skill level 14 in Long Blades
 11938 | D:11     | Noticed a four-headed hydra
 11952 | D:11     | Killed a four-headed hydra
 12071 | D:11     | Noticed a deep elf pyromancer
 12105 | D:11     | Killed a deep elf pyromancer
 12234 | D:11     | Noticed a boulder beetle
 12264 | D:11     | Noticed a death knight
 12266 | D:11     | HP: 4/99 [??? (2)]
 12271 | D:11     | Noticed a phantasmal warrior
 12273 | D:11     | Mangled by a phantasmal warrior

Illustrated notes

Levels and vault maps discovered:
D:1:      onia_arrival_pentagram, layout_basic
D:2:      layout_basic, dreamdust_ecumenical_altar_drowned_temple, serial_glass,
          glass_columns_a, glass_columns_b, glass_columns_a, glass_columns_a,
          basic_altar
D:3:      minmay_inner_zag, layout_loops_ring, lightli_temple_of_fire
D:4:      layout_basic, serial_forest, infiniplex_forest_straight_2,
          infiniplex_forest_fountain, infiniplex_forest_corner_2,
          infiniplex_forest_clump_medium, infiniplex_forest_clump_C,
          infiniplex_forest_clump_curved
D:5:      layout_rooms
D:6:      layout_rooms, minmay_temple_entry_hall, grunt_decor_mini_mirrors,
          minmay_misc_feat_rugged, kennysheep_windowed_goal, uniq_edmund
D:7:      layout_basic, mainiacjoe_overflow_brackets, serial_bayou,
          serial_bayou_shore_a, serial_bayou_pond_d, serial_bayou_pond_e,
          serial_bayou_shore_b, uniq_harold
D:8:      layout_basic, gammafunk_ghost_arena, chequers_serial_rivers_micro_c,
          uniq_prince_ribbit1
D:9:      layout_rooms, fedhas_altar_4, gammafunk_ghost_ooze, minivault_28,
          uniq_grum
D:10:     nicolae_cairo_tiling_large, layout_basic, orc_0_dummy,
          chequers_big_river, uniq_sonja, uniq_josephine
D:11:     layout_rooms
Temple:   mainiacjoe_temple_bowtie_tessellation

Skill      XL: |  1  2  3  4  5  6  7  8  9 10 11 |
---------------+----------------------------------+-----
Armour         | 4 5 6 8 9 11 12 | 12.1
Fighting       | 4 5 6 8 9 |  9.7
Shields        | 4 5 6 8 9 |  9.1
Long Blades    | 3 4 5 7 9 11 13 14 | 14.4
Dodging        | 1 2 |  2.5
Stealth        | 1 |  1.1
Invocations    | 1 |  1.5
Evocations     | 2 |  2.2

Action                   |  1- 3 |  4- 6 |  7- 9 | 10-12 || total
-------------------------+-------+-------+-------+-------++-------
Melee: Long sword        |    76 |   117 |   276 |   414 ||   883
       Headbutt          |    10 |    21 |    67 |    93 ||   191
Invok: Heroism           |       |       |     1 |    14 ||    15
Evoke: Wand              |       |       |     2 |    26 ||    28
  Use: Scroll            |     4 |       |     4 |     3 ||    11
       Potion            |       |       |     1 |     6 ||     7
Armor: Scale mail        |    34 |    32 |       |       ||    66
       Chain mail        |       |    27 |    49 |       ||    76
       Plate armour      |       |       |    78 |   196 ||   274
Dodge: Dodged            |    43 |    42 |    88 |   108 ||   281
Block: Buckler           |    21 |    31 |    55 |       ||   107
       Kite shield       |       |       |     4 |   208 ||   212

Table legend: (Time is in decaauts)
 A = Elapsed time spent in this place.
 B = Non-inter-level travel time spent in this place.
 C = Inter-level travel time spent in this place.
 D = Time resting spent in this place.
 E = Time spent auto-exploring this place.
 F = Levels seen in this place.
 G = Mean time per level.
                   A        B        C        D        E       F      G
               +--------+--------+--------+--------+--------+-----+--------+
         Total |  12324 |  12102 |    222 |    809 |   9069 |  12 | 1027.0 |
       Dungeon |  12206 |  11984 |    222 |    809 |   8978 |  11 | 1109.6 |
        Temple |    117 |    117 |      0 |      0 |     91 |   1 |  117.0 |
               +--------+--------+--------+--------+--------+-----+--------+

Top non-repeatable levels by time:
     D:8: 1755 daAuts
     D:7: 1687 daAuts
    D:10: 1617 daAuts
     D:5: 1252 daAuts
     D:6: 1192 daAuts
     D:4: 981 daAuts
     D:3: 963 daAuts
     D:1: 919 daAuts
     D:2: 898 daAuts
     D:9: 616 daAuts
    D:11: 320 daAuts
  Temple: 117 daAuts
